 Dungeon Crawl Stone Soup version 0.29.1-12-g30fa7ad0bf (webtiles) character file.

Game seed: 10654988616861736960

16909 fantasyman the Basher (level 12, -5/114 HPs)
             Began as a Gargoyle Fighter on Dec 19, 2022.
             Was a High Priest of the Shining One.
             Slain by a large slime creature (25 damage)
             ... on level 12 of the Dungeon on Dec 20, 2022.
             The game lasted 00:19:59 (18095 turns).

fantasyman the Basher (Gargoyle Fighter)           Turns: 18095, Time: 00:20:00

Health: -5/114     AC: 29    Str: 24    XL:     12   Next: 42%
Magic:  12/12      EV:  6    Int:  8    God:    the Shining One [*****.]
Gold:   485        SH: 11    Dex: 13    Spells: 11/11 levels left

rFire   . . .      SeeInvis .   g - +9 whip (flame)
rCold   . . .      Faith    +   a - +0 kite shield
rNeg    + + +      Spirit   .   c - +1 plate armour
rPois   ∞          Reflect  .   (no helmet)
rElec   +          Harm     .   r - scarf {shadows}
rCorr   +          Rampage  .   t - +2 pair of gloves
Will    .....                   h - +0 pair of boots
Stlth   ..........              y - amulet of faith
HPRegen 0.29/turn               v - ring of resist corrosion
MPRegen 0.13/turn               z - ring of positive energy

@: berserking, about to teleport, glowing, very quick
A: sickness immunity, AC +8, negative energy resistance 1, electricity
resistance, torment resistance 1, petrification resistance, agile 1
a: Renounce Religion, Divine Shield, Cleansing Flame, Summon Divine Warrior


You were on level 12 of the Dungeon.
You worshipped the Shining One.
The Shining One was extremely pleased with you.
You visited 1 branch of the dungeon, and saw 13 of its levels.

You collected 605 gold pieces.
You spent 120 gold pieces at shops.

Inventory:

Hand Weapons
 g - a +9 whip of flaming (weapon)
Missiles
 C - a throwing net (quivered)
Armour
 a - a +0 kite shield (worn)
 c - a +1 plate armour (worn)
 h - a +0 pair of boots (worn)
 i - a +0 cloak
 r - a scarf of shadows (worn)
 t - a +2 pair of gloves (worn)
Jewellery
 n - a ring of positive energy
 v - a ring of resist corrosion (left hand)
 y - an amulet of faith (around neck)
 z - a ring of positive energy (right hand)
 E - an amulet of regeneration
 G - an amulet of regeneration
Wands
 K - a wand of quicksilver (3)
 L - a wand of paralysis (7)
Scrolls
 b - 3 scrolls of teleportation
 j - 2 scrolls of fear
 o - 3 scrolls of identify
 q - 3 scrolls of poison
 s - a scroll of summoning
 A - a scroll of butterflies
 H - a scroll of enchant weapon
Potions
 d - 4 potions of might
 e - 4 potions of curing
 f - 4 potions of haste
 k - a potion of berserk rage
 l - 4 potions of flight
 m - 4 potions of heal wounds
 p - a potion of resistance {unknown}
 u - a potion of mutation
 w - a potion of brilliance {unknown}
 x - 4 potions of degeneration
 B - a potion of attraction
 D - a potion of ambrosia {unknown}
 F - a potion of magic
 I - a potion of cancellation {unknown}
 J - a potion of lignification {unknown}


   Skills:
 * Level 9.1 Fighting
 * Level 11.5 Maces & Flails
 * Level 10.7 Armour
 + Level 7.0 Stealth
 * Level 11.3 Shields


You had 11 spell levels left.
You didn't know any spells.
Your spell library contained the following spells:

 Spells                   Type           Power      Damage    Failure   Level
 Beastly Appendage        Tmut           0%         N/A       100%        1
 Wereblood                Tmut           0%         N/A       100%        2
 Dazzling Flash           Conj/Hex       0%         N/A       100%        3
 Spider Form              Tmut/Pois      0%         N/A       100%        3
 Iskenderun's Mystic Bla  Conj/Tloc      0%         2d3       100%        4
 Starburst                Conj/Fire      0%         6d3       100%        6
 Summon Hydra             Summ           0%         N/A       100%        7
 Sublimation of Blood     Necr           Unusable   N/A       N/A         2

Dungeon Overview and Level Annotations

Branches:
Dungeon (13/15)            Temple (0/1) D:7            Lair (0/5) D:8
    Orc (0/2) D:12
 Vaults: D:13-14

Altars:
Dithmenos
Gozag
Okawaru
Sif Muna
Trog
Uskayaw
Vehumet
Xom
Yredelemnul
Zin
The Shining One

Shops:
D:5 *   D:13 *

Annotations:
D:7 4 runed translucent doors


Innate Abilities, Weirdness & Mutations

You are immune to sickness and miasma.
Your stone body is resilient. (AC +8)
You are immune to poison.
You resist negative energy. (rN+)
You are resistant to electric shocks. (rElec)
You are resistant to unholy torment.
You are immune to petrification.
You are agile. (Dex +4, Str/Int -1)


Message History

Unknown command.
Unknown command.
You whack the large slime creature! You burn the large slime creature.
You kill the large slime creature!
The slime creature barely misses you.
The slime creature hits you but does no damage.
The slime creature attacks as you move away!
The slime creature hits you but does no damage.
You block the slime creature's attack.
A slime creature comes into view.
The slime creature quivers.
The slime creature hits you but does no damage.
Two slime creatures merge to form a large slime creature.
You whack the slime creature! You burn the slime creature.
The slime creature is moderately wounded.
You hit the slime creature. You burn the slime creature.
The slime creature is heavily wounded.
The slime creature hits you!
* * * LOW HITPOINT WARNING * * *
You hit the slime creature but do no damage.
The slime creature is heavily wounded.
The large slime creature hits you!
* * * LOW HITPOINT WARNING * * *
The slime creature hits you.
* * * LOW HITPOINT WARNING * * *
You whack the slime creature! You burn the slime creature.
The slime creature is heavily wounded.
As you read the scroll of teleportation, it crumbles to dust.
You feel strangely unstable.
You block the large slime creature's attack.
The slime creature hits you but does no damage.
A red film seems to cover your vision as you go berserk!
You feel yourself moving faster!
You feel mighty!
The large slime creature barely misses you.
Two slime creatures merge to form a large slime creature.
You whack the large slime creature! You burn the large slime creature.
The large slime creature is heavily wounded.
The large slime creature hits you but does no damage.
The large slime creature hits you!!
You die...

.......####
###.############ #####..#
#.# #..# #.#######
#####).############........
.....))).†.................
.......................##
#...################...#
#...#### ##########...###
........ .....J@J......>..
.......# ########.........
#####..# #..####### ...
..... .. ....... .........
.......###


You could see 2 large slime creatures.

Vanquished Creatures
  A boulder beetle (D:12)
  A hydra (D:12)
  2 centaur warriors (D:13)
  2 two-headed ogres
  A slime creature (D:12)
  2 ugly things (D:12)
  A manticore (D:12)
  3 cyclopes
  An orc sorcerer (D:13)
  Maurice (D:9)
  An unseen horror (D:10)
  A komodo dragon (D:11)
  3 trolls
  A hornet (D:10)
  2 shadows
  2 wraiths
  A wyvern (D:8)
  14 yaks
  4 vampire mosquitoes (D:11)
  An acid dragon (D:12)
  A water moccasin (D:8)
  4 orc warriors
  A sky beast (D:7)
  2 ice beasts
  2 black bears (D:8)
  An ogre (D:5)
  6 centaurs
  A phantom (D:12)
  A kobold brigand (D:9)
  A necrophage (D:4)
  6 bullfrogs
  A gnoll sergeant (D:6)
  3 scorpions
  7 wights
  18 killer bees
  11 howler monkeys
  2 jellies
  5 hounds
  10 orc priests
  7 iguanas
  12 orc wizards
  8 ogre zombies (D:12)
  5 gnolls
  13 adders
  A shadow imp (D:4)
  An ufetubus (D:4)
  4 worms
  2 dart slugs
  27 orcs
  8 bats
  9 endoplasms
  7 giant cockroaches
  8 goblins
  6 hobgoblins
  3 jackals (D:2)
  13 kobolds
  2 quokkas
  11 ball pythons
  7 frilled lizards
  A goblin skeleton (D:12)
  2 goblin zombies (D:12)
  A hobgoblin skeleton (D:12)
  2 hobgoblin zombies (D:12)
  5 orc skeletons (D:12)
  9 orc zombies (D:12)
  6 rats
308 creatures vanquished.

Vanquished Creatures (others)
  An orc zombie (D:12)
  20 fungi (D:8)
  21 plants (D:8)
42 creatures vanquished.

Grand Total: 350 creatures vanquished

Notes
Turn   | Place    | Note
-------+----------+-------------------------------------------
     0 | D:1      | fantasyman the Gargoyle Fighter began the quest for the
                  | Orb.
     0 | D:1      | Reached XP level 1. HP: 14/14 MP: 1/1
    63 | D:1      | Reached XP level 2. HP: 13/19 MP: 2/2
   803 | D:1      | Reached XP level 3. HP: 23/24 MP: 3/3
  1407 | D:2      | Reached XP level 4. HP: 28/29 MP: 4/4
  2619 | D:3      | Found a shadowy altar of Dithmenos.
  2625 | D:3      | Reached skill level 1 in Stealth
  2665 | D:3      | Reached XP level 5. HP: 32/33 MP: 5/5
  3911 | D:4      | Reached XP level 6. HP: 25/38 MP: 6/6
  4463 | D:4      | Found a glowing golden altar of the Shining One.
  4567 | D:4      | Became a worshipper of the Shining One
  5110 | D:4      | Reached XP level 7. HP: 35/44 MP: 7/7
  5381 | D:4      | Found a basalt altar of Yredelemnul.
  5414 | D:5      | Entered Level 5 of the Dungeon
  5629 | D:5      | Found Ifikh's Assorted Antiques.
  5761 | D:5      | Reached skill level 5 in Maces & Flails
  5816 | D:5      | Reached skill level 5 in Armour
  5982 | D:5      | Reached skill level 5 in Shields
  6628 | D:6      | Noticed a wraith
  6638 | D:6      | Reached XP level 8. HP: 48/48 MP: 8/8
  6648 | D:6      | Killed a wraith
  6820 | D:6      | Reached skill level 5 in Fighting
  7157 | D:6      | Reached * piety under the Shining One
  7270 | D:7      | Found a staircase to the Ecumenical Temple.
  7271 | D:7      | You fall into a shaft and drop 2 floors!
  7434 | D:8      | Reached XP level 9. HP: 16/54 MP: 9/9
  7469 | D:7      | Found a bloodstained altar of Trog.
  7928 | D:7      | Reached ** piety under the Shining One
  8841 | D:7      | Reached skill level 5 in Stealth
  8999 | D:7      | Found a huge runed translucent gate.
  8999 | D:7      | Found a huge runed translucent gate.
  8999 | D:7      | Found a huge runed translucent gate.
  9000 | D:7      | Found a huge runed translucent gate.
  9000 | D:7      | Noticed a polar bear
  9000 | D:7      | Noticed a manticore
  9000 | D:7      | Noticed a polar bear
  9000 | D:7      | Noticed a polar bear
  9066 | D:7      | Found a shimmering altar of Xom.
  9135 | D:7      | Found a radiant altar of Vehumet.
  9660 | D:8      | Gained mutation: You are agile. (Dex +4, Str/Int -1)
                  | [potion of mutation]
 10184 | D:8      | Reached XP level 10. HP: 61/61 MP: 10/10
 10269 | D:8      | Found a hide-covered altar of Uskayaw.
 10269 | D:8      | Noticed a +0 spear
 10270 | D:8      | Noticed a +0 short sword
 10270 | D:8      | Noticed a +0 falchion
 10270 | D:8      | Noticed a +0 dagger
 10271 | D:8      | Noticed a +0 short sword
 10273 | D:8      | Noticed a +0 falchion
 10273 | D:8      | Noticed a +0 dagger
 10282 | D:8      | Noticed a +0 spear
 10428 | D:8      | Found a shimmering blue altar of Sif Muna.
 10882 | D:8      | Found a staircase to the Lair.
 12166 | D:9      | Noticed Maurice
 12195 | D:9      | Killed Maurice
 12982 | D:10     | Entered Level 10 of the Dungeon
 13460 | D:10     | Found an opulent altar of Gozag.
 13578 | D:10     | Noticed an unseen horror
 13589 | D:10     | Killed an unseen horror
 14025 | D:10     | Noticed a two-headed ogre
 14031 | D:10     | Killed a two-headed ogre
 14032 | D:10     | Reached XP level 11. HP: 68/68 MP: 11/11
 14061 | D:10     | Found an iron altar of Okawaru.
 14378 | D:11     | Noticed a cyclops
 14389 | D:11     | Killed a cyclops
 14984 | D:11     | Reached skill level 10 in Maces & Flails
 15405 | D:11     | Found a glowing silver altar of Zin.
 15405 | D:11     | Reached *** piety under the Shining One
 15596 | D:12     | Noticed a red ugly thing
 15705 | D:13     | Found Eseun's General Store.
 15713 | D:13     | Bought a scroll of enchant weapon for 120 gold pieces
 15729 | D:13     | Noticed a centaur warrior
 15730 | D:13     | Noticed a deep elf pyromancer
 15741 | D:13     | Killed a centaur warrior
 15742 | D:13     | Reached skill level 10 in Shields
 15776 | D:12     | Noticed a two-headed ogre
 15783 | D:12     | Killed a two-headed ogre
 16148 | D:12     | Reached **** piety under the Shining One
 16156 | D:12     | Noticed an orc sorcerer
 16314 | D:13     | Noticed a centaur warrior
 16328 | D:13     | Killed a centaur warrior
 16797 | D:13     | Killed an orc sorcerer
 16819 | D:12     | Noticed a cyclops
 16836 | D:12     | Killed a cyclops
 16853 | D:12     | Killed a red ugly thing
 16854 | D:12     | Reached skill level 10 in Armour
 16882 | D:13     | Reached XP level 12. HP: 22/75 MP: 12/12
 17235 | D:12     | Reached ***** piety under the Shining One
 17305 | D:12     | Noticed a boulder beetle
 17306 | D:12     | Noticed a seven-headed hydra
 17327 | D:12     | Killed a seven-headed hydra
 17348 | D:12     | Killed a boulder beetle
 17875 | D:12     | Found a staircase to the Orcish Mines.
 18095 | D:12     | Slain by a large slime creature

Illustrated notes

Levels and vault maps discovered:
D:1:      ncdulo_wetmaze, layout_loops_cross
D:2:      layout_basic, minmay_misc_feat_hallway
D:3:      layout_basic, mainiacjoe_overflow_small_starburst,
          corexii_corridor_pit, chequers_serial_rivers_room_a
D:4:      layout_basic, lemuel_coloured_pillars_altar,
          nicolae_tso_swordbearing_angel, chequers_serial_rivers_micro_c,
          minmay_joined_circles
D:5:      layout_loops_ring, serial_shops, shop, minmay_between
D:6:      layout_basic
D:7:      lemuel_bear_cage, layout_cave_pools, vehumet_altar_wand_db,
          trog_hazing_becter, mainiacjoe_overflow_concentric_impassable,
          temple_fountains
D:8:      layout_loops_ring, nicolae_uskayaw_en_pointe,
          kennysheep_orc_sif_temple, grunt_lair_entry_orc_guard_hut,
          david_defended_altar_orc
D:9:      layout_loops_ring, uniq_maurice
D:10:     layout_loops_ring, okawaru_metal_pillars_3, nicolae_gozag_seed_capital
D:11:     layout_long_grid, kennysheep_small_circle
D:12:     layout_long_grid, zombieorc2_lemuel
D:13:     layout_rooms, lightli_vaults_fourway_checkpoint, serial_shops, shop,
          gauntlet_entry_generic

Skill      XL: |  1  2  3  4  5  6  7  8  9 10 11 12 |
---------------+-------------------------------------+-----
Maces & Flails | 3 4 5 7 8 9 10 11 | 11.5
Armour         | 4 5 6 7 8 10 | 10.7
Stealth        | 1 2 3 4 5 6 7 |  7.0
Fighting       | 4 5 6 7 8 9 |  9.1
Shields        | 4 5 6 8 9 10 11 | 11.3

Action                   |  1- 3 |  4- 6 |  7- 9 | 10-12 || total
-------------------------+-------+-------+-------+-------++-------
Melee: Flail             |    14 |   146 |   412 |   197 ||   769
       Whip              |   106 |    79 |       |   407 ||   592
Throw: Throwing net      |       |       |     1 |       ||     1
  Use: Scroll            |     1 |     7 |    10 |    10 ||    28
       Potion            |       |       |     1 |     5 ||     6
Armor: Scale mail        |    60 |    89 |       |       ||   149
       Chain mail        |       |    41 |   372 |       ||   413
       Plate armour      |       |       |     5 |   413 ||   418
Dodge: Dodged            |    64 |    82 |   158 |   138 ||   442
Block: Buckler           |    24 |     2 |       |       ||    26
       Kite shield       |       |   119 |   254 |   359 ||   732
